 Seeded DCSS version 0.28-a0-1567-g1695149f81 (webtiles) character file.

Game seed: 5296 (custom seed)

63 knot the Chopper (level 3, 29/29 HPs)
             Began as a Demonspawn Berserker on Jan 19, 2022.
             Was a Follower of Trog.
             Quit the game on level 2 of the Dungeon.
             The game lasted 00:00:45 (1317 turns).

knot the Chopper (Demonspawn Berserker)             Turns: 1317, Time: 00:00:46

Health: 29/29      AC:  2    Str: 17    XL:     3   Next: 87%
Magic:  3/3        EV: 12    Int: 10    God:    Trog [*.....]
Gold:   36         SH:  4    Dex: 12    Spells: 2/2 levels left

rFire   . . .      SeeInvis .   a - +0 hand axe
rCold   . . .      Faith    .   (no shield)
rNeg    . . .      Spirit   .   b - +0 animal skin
rPois   .          Reflect  .   (no helmet)
rElec   .          Harm     .   (no cloak)
rCorr   .          Rampage  .   (no gloves)
Will    .....                   (no boots)
Stlth   +.........              (no amulet)
HPRegen 0.09/turn               (no ring)
MPRegen 0.08/turn               (no ring)

@: no status effects
A: large bone plates 1
a: Renounce Religion, Berserk


You were on level 2 of the Dungeon.
You worshipped Trog.
Trog was aware of your devotion.
You visited 1 branch of the dungeon, and saw 2 of its levels.

You collected 36 gold pieces.

Inventory:

Hand Weapons
 a - a +0 hand axe (weapon)
Missiles
 g - 14 stones (quivered)
 h - 27 sling bullets
Armour
 b - a +0 animal skin (worn)
Jewellery
 c - an amulet of reflection
 f - a ring of fire
Scrolls
 i - a scroll of teleportation {unknown}
 j - a scroll of identify {unknown}
Potions
 d - a potion of brilliance {unknown}
 e - a potion of cancellation {unknown}


   Skills:
 - Level 3.0 Fighting
 + Level 4.4 Axes
 - Level 1.7 Armour
 - Level 1.7 Dodging


You had 2 spell levels left.
You didn't know any spells.
Your spell library was empty.

Dungeon Overview and Level Annotations

Branches:
Dungeon (2/15)

Altars:


Innate Abilities, Weirdness & Mutations

You are partially covered in large bone plates. (SH +4)


Message History

The bat misses you.
You miss the bat. The bat hits you but does no damage.
You block the bat's attack.
You hit the bat.
The bat is severely wounded.
The bat misses you. The bat hits you but does no damage.
You feel a strong urge to attack something.
The bat hits you but does no damage.
You closely miss the bat. You punch the bat.
You feel the power of Trog in you as your rage grows.
You kill the bat!
Trog accepts your kill.
No target in view!
No target in view!
You start resting.
You feel a strong urge to attack something.
You start resting.
You are no longer berserk.
You are exhausted.
You feel yourself slow down.
You start resting.
HP restored.
You start waiting.
You feel yourself speed up.
You start waiting.
You recover from your berserk rage.
You start waiting.
Done waiting.
You now have 26 gold pieces (gained 12).
j - a scroll labelled VAIDAUSHUX You now have 36 gold pieces (gained 10).
Things that are here:
a +0 mace; a +0 scale mail
Found a stone staircase leading down and a stone staircase leading up.
Found a short sword.
No target in view!
No target in view!
Unknown command.
Are you sure you want to abandon this character and quit the game? (Confirm with "yes".)

#.# ####### #.# .....?.
#.# ## ..$.... ##.# #.
....... ##..###. )...<..
#....##. .......
#####.#..##.
.>.....######...#.#..##.
.......@..........#.....
.......####.......#.....
....... #.............
####..# #...........>.
##. ####........#... ..
..........#..).. ##
###............. ##
#.........##..
............#.###.


There were no monsters in sight!

Vanquished Creatures
  Terence (D:2)
  2 adders (D:2)
  A dart slug (D:1)
  A bat (D:2)
  6 endoplasms
  2 goblins (D:1)
  2 hobgoblins
  A frilled lizard (D:1)
  A rat (D:1)
17 creatures vanquished.

Notes
Turn   | Place    | Note
-------+----------+-------------------------------------------
     0 | D:1      | knot the Demonspawn Berserker began the quest for the Orb.
     0 | D:1      | Reached XP level 1. HP: 18/18 MP: 1/1
    92 | D:1      | Reached skill level 3 in Axes
   548 | D:1      | Found a faded altar of an unknown god.
   553 | D:1      | Gained mutation: You are partially covered in large bone
                  | plates. (SH +4) [demonic ancestry]
   553 | D:1      | Reached XP level 2. HP: 16/24 MP: 2/2
   778 | D:1      | You fall into a shaft and drop 1 floor!
   853 | D:2      | Noticed Terence
   867 | D:2      | Killed Terence
   868 | D:2      | Reached skill level 4 in Axes
   868 | D:2      | Reached XP level 3. HP: 29/29 MP: 3/3
  1317 | D:2      | Quit the game

Illustrated notes

Levels and vault maps discovered:
D:1:      tarquinn_simple_flora_water_f, layout_basic,
          shapermc_ecumenical_altar_starsandcircs, grunt_decor_one_mirror
D:2:      layout_rooms, uniq_terence

Skill      XL: |  1  2 |
---------------+-------+-----
Axes           | 3 4 |  4.4
Fighting       | |  3.0
Armour         | |  1.7
Dodging        | |  1.7

Action                   || total
-------------------------++-------
Melee: Hand axe          ||    49
       Punch             ||     1
Invok: Berserk           ||     5
 Stab: Sleeping          ||     1
Armor: Animal skin       ||    16
Dodge: Dodged            ||    21
Block: Other             ||     9

Table legend: (Time is in decaauts)
 A = Elapsed time spent in this place.
 B = Non-inter-level travel time spent in this place.
 C = Inter-level travel time spent in this place.
 D = Time resting spent in this place.
 E = Time spent auto-exploring this place.
 F = Levels seen in this place.
 G = Mean time per level.
                   A        B        C        D        E       F      G
               +--------+--------+--------+--------+--------+-----+--------+
         Total |   1365 |   1365 |      0 |    967 |    295 |   2 |  682.5 |
       Dungeon |   1365 |   1365 |      0 |    967 |    295 |   2 |  682.5 |
               +--------+--------+--------+--------+--------+-----+--------+

Top non-repeatable levels by time:
     D:1: 802 daAuts
     D:2: 562 daAuts
